 Dungeon Crawl Stone Soup version 0.30-a0-845-g7c6808c8ce (webtiles) character file.

Game seed: 11240354679085683753

146 cforsyth the Sneak (level 5, -4/32 HPs)
             Began as a Kobold Brigand on Mar 2, 2023.
             Slain by a water moccasin (5 damage)
             ... on level 3 of the Dungeon.
             The game lasted 00:02:26 (2364 turns).

cforsyth the Sneak (Kobold Brigand)                 Turns: 2364, Time: 00:02:27

Health: -4/32      AC:  3    Str:  8    XL:     5   Next: 53%
Magic:  5/5        EV: 15    Int: 13    God:
Gold:   124        SH:  0    Dex: 18    Spells: 4/4 levels left

rFire   . . .      SeeInvis .    a - +2 dagger
rCold   . . .      Faith    .    (no shield)
rNeg    . . .      Spirit   .    b - +0 robe
rPois   .          Reflect  .    (no helmet)
rElec   .          Rampage  .    c - +0 cloak
rCorr   .                        (no gloves)
Will    .....                    (no boots)
Stlth   ++                       k - amulet of regeneration
HPRegen 1.05/turn                (no ring)
MPRegen 0.09/turn                (no ring)

@: confused, lethally poisoned (-4 -> -10), ambrosia-drunk
A: small, no large weapons, nightstalker 3
a: no special abilities


You were on level 3 of the Dungeon.
You visited 1 branch of the dungeon, and saw 4 of its levels.

You collected 124 gold pieces.

Inventory:

Hand Weapons
 a - a +2 dagger (weapon)
Missiles
 d - 13 poisoned darts (quivered)
 e - 3 curare-tipped darts
Armour
 b - a +0 robe (worn)
 c - a +0 cloak (worn)
Jewellery
 k - an amulet of regeneration (around neck)
 m - an amulet of guardian spirit
Scrolls
 f - 3 scrolls of teleportation {unknown}
 h - 2 scrolls of torment {unknown}
 i - 3 scrolls of identify {unknown}
 l - 3 scrolls of noise {unknown}
 o - 2 scrolls of enchant armour {unknown}
 p - a scroll of brand weapon {unknown}
 t - a scroll of fog {unknown}
 u - a scroll of amnesia {unknown}
 w - a scroll of blinking {unknown}
Potions
 g - a potion of lignification {unknown}
 j - a potion of brilliance {unknown}
 n - a potion of ambrosia
 q - a potion of curing {unknown}
 r - a potion of degeneration {unknown}
 s - a potion of resistance {unknown}
 v - a potion of cancellation
 x - a potion of flight {unknown}
 z - a potion of berserk rage {unknown}


   Skills:
 + Level 3.4 Fighting
 + Level 4.1 Short Blades
 - Level 2.1 Throwing
 + Level 3.1 Dodging
 + Level 6.4 Stealth


You had 4 spell levels left.
You didn't know any spells.
Your spell library contained the following spells:

 Spells                   Type           Power      Damage    Failure   Level
 Sandblast                Erth           0%         2d4       30%         1
 Slow                     Hex            0%         N/A       30%         1
 Passwall                 Tmut/Erth      0%         N/A       43%         2
 Confusing Touch          Hex            0%         N/A       67%         3
 Stone Arrow              Conj/Erth      0%         3d7       67%         3
 Vampiric Draining        Necr           0%         2d6       67%         3


Dungeon Overview and Level Annotations

Branches:
Dungeon (4/15)
 Temple: D:4-7

Altars:
Elyvilon


Innate Abilities, Weirdness & Mutations

You are small and have problems with some larger weapons.
You are completely attuned to the shadows.


Message History

You hit the water moccasin.
The water moccasin is lightly wounded.
The water moccasin barely misses you.
You closely miss the water moccasin.
The water moccasin completely misses you.
You hit the water moccasin.
The water moccasin is lightly wounded.
The water moccasin barely misses you.
You hit the water moccasin.
The water moccasin is lightly wounded.
The water moccasin barely misses you. The orc hits you with a +0 dagger.
The water moccasin bites you.
You hit the water moccasin but do no damage.
You punch the water moccasin, but do no damage.
The water moccasin is lightly wounded.
The orc closely misses you. The water moccasin bites you.
You are poisoned.
The water moccasin poisons you!
You feel very sick.
You feel very sick.
You feel sick. The water moccasin barely misses you.
There is a stone staircase leading up here.
You feel sick.
The water moccasin bites you but does no damage.
You climb upwards.
You feel very sick.
There is a stone staircase leading down here.
It was a potion of cancellation.
You feel magically purged.
You feel sick. The water moccasin bites you!
* * * LOW HITPOINT WARNING * * *
You are lethally poisoned!
The water moccasin poisons you! The water moccasin bites you.
* * * LOW HITPOINT WARNING * * *
It was a potion of ambrosia.
You are confused.
You feel invigorated.
* * * LOW HITPOINT WARNING * * *
You feel very sick. The water moccasin bites you.
You die...

##.## #.# #....##.####.... #..#
#.# #..####.# #.###
##.####.######..(....####.#..
#........................#..
##.###.#.........##.##...#..
#######.###...........##.###..#..
...........##..........#)# ##.#..
#######.##.##....S......># #.###
# #.##.##...@.....#### #.... #
#...............## #)... #
###.......####...# ##.). ######
#..####.# #...#######)## .....#
#..####.# #........###.. .....#
#....##.####...####......
.....####..#.##..............##..
................................#
.....##......................####


You could see a water moccasin.

Vanquished Creatures
  A hound (D:3)
  Natasha (D:4)
  5 adders
  A worm (D:2)
  5 orcs (D:3)
  2 bats (D:1)
  2 endoplasms
  A giant cockroach (D:2)
  4 goblins
  5 hobgoblins
  3 kobolds (D:1)
  2 quokkas (D:1)
  4 ball pythons
  5 frilled lizards
  A rat (D:2)
42 creatures vanquished.

Notes
Turn   | Place    | Note
-------+----------+-------------------------------------------
     0 | D:1      | cforsyth the Kobold Brigand began the quest for the Orb.
     0 | D:1      | Reached XP level 1. HP: 12/12 MP: 1/1
    94 | D:1      | Reached XP level 2. HP: 18/18 MP: 2/2
   777 | D:2      | Reached XP level 3. HP: 22/22 MP: 3/3
  1529 | D:3      | Found a white marble altar of Elyvilon.
  1564 | D:3      | Reached XP level 4. HP: 27/27 MP: 4/4
  1625 | D:3      | Reached skill level 6 in Stealth
  1864 | D:3      | Reached XP level 5. HP: 32/32 MP: 5/5
  2296 | D:4      | Noticed Natasha
  2300 | D:4      | Killed Natasha
  2349 | D:4      | Noticed a water moccasin
  2363 | D:3      | HP: 1/32 [water moccasin (2)]
  2364 | D:3      | Slain by a water moccasin

Illustrated notes

Levels and vault maps discovered:
D:1:      psy_arrival_basics, layout_basic
D:2:      layout_loops_ring
D:3:      layout_loops_cross, amcnicky_altar_gilded, minmay_misc_feat_x,
          serial_park_tiny_2, minivault_23, minmay_misc_feat_pillars,
          nicolae_half_adder
D:4:      layout_basic, kennysheep_little_box,
          mainiacjoe_overflow_small_starburst, minmay_temple_entry_hall,
          minivault_23, uniq_natasha

Skill      XL: |  1  2  3  4  5 |
---------------+----------------+-----
Short Blades   | 3 4 |  4.1
Dodging        | 2 3 |  3.1
Stealth        | 6 |  6.4
Fighting       | 3 |  3.4
Throwing       | |  2.1

Action                     |  1- 3 |  4- 6 || total
---------------------------+-------+-------++-------
  Melee: Dagger            |    73 |    54 ||   127
         Punch             |       |     2 ||     2
    Use: Potion            |       |     2 ||     2
   Stab: Sleeping          |    15 |     7 ||    22
 Armour: Robe              |     2 |     6 ||     8
  Dodge: Dodged            |    31 |    43 ||    74

Table legend: (Time is in decaauts)
 A = Elapsed time spent in this place.
 B = Non-inter-level travel time spent in this place.
 C = Inter-level travel time spent in this place.
 D = Time resting spent in this place.
 E = Time spent auto-exploring this place.
 F = Levels seen in this place.
 G = Mean time per level.
                   A        B        C        D        E       F      G
               +--------+--------+--------+--------+--------+-----+--------+
         Total |   2341 |   2255 |     86 |      3 |   1918 |   4 |  585.2 |
       Dungeon |   2341 |   2255 |     86 |      3 |   1918 |   4 |  585.2 |
               +--------+--------+--------+--------+--------+-----+--------+

Top non-repeatable levels by time:
     D:3: 904 daAuts
     D:1: 743 daAuts
     D:2: 654 daAuts
     D:4: 39 daAuts
